 Dungeon Crawl Stone Soup version 0.28-a0-1213-g0243856f03 (webtiles) character file.

Game seed: 6271402619408713731

37 Redcow54321 the Skirmisher (level 3, 0/63 HPs)
             Began as an Ogre Gladiator on Dec 22, 2021.
             Succumbed to an adder's poison
             ... on level 2 of the Dungeon.
             The game lasted 00:01:25 (1251 turns).

Redcow54321 the Skirmisher (Ogre Gladiator)         Turns: 1251, Time: 00:01:26

Health: 0/63       AC:  3    Str: 20    XL:     3   Next: 41%
Magic:  3/3        EV: 10    Int:  9    God:
Gold:   54         SH:  0    Dex: 10    Spells: 2/2 levels left

rFire   . . .      SeeInvis .   a - +0 quarterstaff
rCold   . . .      Faith    .   (shield currently unavailable)
rNeg    . . .      Spirit   .   b - +0 robe
rPois   .          Reflect  .   c - +0 hat
rElec   .          Harm     .   (no cloak)
rCorr   .          Rampage  .   (gloves unavailable)
Will    .....                   (boots unavailable)
Stlth   ..........              (no amulet)
HPRegen 0.20/turn               (no ring)
MPRegen 0.08/turn               (no ring)

@: berserking (expiring), lethally poisoned (0 -> 0), very quick
A: large, unfitting armour, tough skin 1
a: no special abilities


You were on level 2 of the Dungeon.
You visited 1 branch of the dungeon, and saw 2 of its levels.

You collected 54 gold pieces.

Inventory:

Hand Weapons
 a - a +0 quarterstaff (weapon)
Missiles
 d - 3 throwing nets (quivered)
Armour
 b - a +0 robe (worn)
 c - a +0 hat (worn)
Potions
 f - a potion of curing {unknown}


   Skills:
 * Level 5.0 Fighting
 - Level 3.0 Staves
 - Level 2.0 Throwing
 - Level 2.6 Dodging


You had 2 spell levels left.
You didn't know any spells.
Your spell library was empty.

Dungeon Overview and Level Annotations

Branches:
Dungeon (2/15)

Altars:


Innate Abilities, Weirdness & Mutations

You are too large for most types of armour.
You have tough skin. (AC +1)


Message History

The adder poisons you! The adder bites you but does no damage.
You closely miss the adder.
The adder is severely wounded.
* * * LOW HITPOINT WARNING * * *
You feel very sick. The adder misses you.
You completely miss the adder.
The adder is severely wounded.
* * * LOW HITPOINT WARNING * * *
You feel sick. The adder misses you. The adder completely misses you.
It was a potion of berserk rage.
A red film seems to cover your vision as you go berserk!
You feel yourself moving faster!
You feel mighty!
You feel sick. The adder bites you but does no damage.
You closely miss the adder.
The adder is severely wounded.
You feel sick. The adder bites you.
* * * LOW HITPOINT WARNING * * *
You closely miss the adder.
The adder is severely wounded.
* * * LOW HITPOINT WARNING * * *
You feel sick. The adder barely misses you.
You closely miss the adder.
The adder is severely wounded.
* * * LOW HITPOINT WARNING * * *
You feel sick. The adder barely misses you.
You barely miss the adder.
The adder is severely wounded.
* * * LOW HITPOINT WARNING * * *
You feel sick. The adder bites you but does no damage.
You sock the adder!
You kill the adder!
Your Fighting skill increases to level 5!
You are too berserk!
* * * LOW HITPOINT WARNING * * *
You feel sick.
Things that are here:
an adder corpse; a dart slug corpse You feel a strong urge to attack something.
You die...

♣♣♣♣♣
♣♣..?♣♣
♣..:..♣
♣(....♣♣♣
♣..@†..♣ ♣♣♣
♣.♣.♣♣†♣♣
♣.♣♣♣♣.. ♣♣
♣.♣♣ ♣.....♣
♣♣.♣♣♣
♣♣♣♣.†.
♣♣..♣♣♣
♣♣...
♣♣♣..♣♣♣
♣....
♣♣♣..♣♣♣..♣♣
♣♣♣....♣♣
♣♣♣♣♣♣


There were no monsters in sight!

Vanquished Creatures
  An adder (D:2)
  A worm (D:2)
  A dart slug (D:2)
  4 endoplasms
  A giant cockroach (D:2)
  A goblin (D:1)
  2 hobgoblins
  4 jackals (D:2)
  A bat (D:1)
  4 frilled lizards
  A kobold (D:1)
  2 rats
23 creatures vanquished.

Notes
Turn   | Place    | Note
-------+----------+-------------------------------------------
     0 | D:1      | Redcow54321 the Ogre Gladiator began the quest for the Orb.
     0 | D:1      | Reached XP level 1. HP: 22/22 MP: 1/1
    88 | D:1      | Reached skill level 3 in Fighting
   225 | D:1      | Reached XP level 2. HP: 31/31 MP: 2/2
   227 | D:1      | Found a faded altar of an unknown god.
   593 | D:2      | Reached skill level 4 in Fighting
  1070 | D:2      | Reached XP level 3. HP: 33/40 MP: 3/3
  1247 | D:2      | HP: 3/60 [poisoned by an adder]
  1250 | D:2      | Reached skill level 5 in Fighting
  1250 | D:2      | HP: 1/63 [poisoned by an adder]
  1251 | D:2      | Succumbed to an adder's poison

Illustrated notes

Levels and vault maps discovered:
D:1:      matt_arrival_los_fun, layout_rooms, chequers_ecumenical_altar_simple,
          grunt_decor_mini_mirrors
D:2:      kb_forest_paths, layout_basic, kennysheep_pointless_box,
          grunt_ministairs_15, minmay_rat_gold_closets

Skill      XL: |  1  2  3 |
---------------+----------+-----
Fighting       | 3 4 5 |  5.0
Staves         | |  3.0
Throwing       | |  2.0
Dodging        | |  2.6

Action                   || total
-------------------------++-------
Melee: Quarterstaff      ||    71
  Use: Potion            ||     1
Armor: Robe              ||    20
Dodge: Dodged            ||    42

Table legend: (Time is in decaauts)
 A = Elapsed time spent in this place.
 B = Non-inter-level travel time spent in this place.
 C = Inter-level travel time spent in this place.
 D = Time resting spent in this place.
 E = Time spent auto-exploring this place.
 F = Levels seen in this place.
 G = Mean time per level.
                   A        B        C        D        E       F      G
               +--------+--------+--------+--------+--------+-----+--------+
         Total |   1259 |   1228 |     31 |    135 |    959 |   2 |  629.5 |
       Dungeon |   1259 |   1228 |     31 |    135 |    959 |   2 |  629.5 |
               +--------+--------+--------+--------+--------+-----+--------+

Top non-repeatable levels by time:
     D:2: 673 daAuts
     D:1: 585 daAuts
